 Dungeon Crawl Stone Soup version 0.30-a0-1075-gcd70e7a56d (webtiles) character file.

Game seed: 842250793398028024

17487 cforsyth the Summoner (level 12, -8/66 HPs)
             Began as an Octopode Summoner on Apr 15, 2023.
             Was an Initiate of Gozag.
             Mangled by a komodo dragon (33 damage)
             ... on level 1 of the Lair of Beasts.
             The game lasted 00:33:03 (18509 turns).

cforsyth the Summoner (Octopode Summoner)          Turns: 18509, Time: 00:33:03

Health: -8/66      AC:  1    Str:  7    XL:     12   Next: 48%
Magic:  15/29      EV: 13    Int: 23    God:    Gozag
Gold:   1024       SH:  5    Dex: 12    Spells: 24/37 levels left

rFire   . . .      SeeInvis .    (no weapon)
rCold   . . .      Faith    .    (no shield)
rNeg    + . .      Spirit   .    (helmet restricted)
rPois   .          Reflect  +    x - amulet of reflection
rElec   .          Rampage  .    b - ring of wizardry
rCorr   .                        y - ring of positive energy
Will    .....                    (no ring)
Stlth   +++                      (no ring)
HPRegen 0.31/turn                (no ring)
MPRegen 0.21/turn                (no ring)
                                 (no ring)
                                 (no ring)

@: gold aura, studying Unarmed Combat
A: almost no armour, amphibious, 8 rings, camouflage 1, gelatinous body 1,
(nimble swimmer 1), tentacles
a: Renounce Religion, Potion Petition, Call Merchant, Bribe Branch


You were on level 1 of the Lair of Beasts.
You worshipped Gozag.
Gozag was most pleased with you.
You visited 3 branches of the dungeon, and saw 14 of its levels.

You collected 2511 gold pieces.
You spent 136 gold pieces at shops.
You paid 1351 gold pieces to Gozag.

Inventory:

Jewellery
 b - a ring of wizardry (left tentacle)
 g - an amulet of the acrobat
 r - an amulet of regeneration
 x - an amulet of reflection (around mantle)
 y - a ring of positive energy (right tentacle)
 E - a ring of ice
Wands
 s - a wand of charming (17)
 w - a wand of roots (18)
Scrolls
 c - 2 scrolls of immolation
 d - 2 scrolls of blinking
 i - 3 scrolls of vulnerability
 k - 3 scrolls of poison
 l - 8 scrolls of teleportation
 n - 2 scrolls of noise
 o - 3 scrolls of fear
 p - 5 scrolls of fog
 q - a scroll of enchant armour
 z - 2 scrolls of magic mapping
 B - a scroll of silence
 C - a scroll of brand weapon {unknown}
 F - a scroll of amnesia
 I - a scroll of butterflies {unknown}
 J - a scroll of enchant weapon
 K - a scroll of identify
Potions
 a - 2 potions of magic
 e - 9 potions of curing
 f - 2 potions of flight {unknown}
 h - 7 potions of heal wounds
 j - 2 potions of invisibility
 m - 2 potions of haste
 t - 4 potions of attraction
 u - 2 potions of cancellation
 v - a potion of might
 A - 4 potions of mutation
 D - 2 potions of brilliance {unknown}
 G - a potion of berserk rage {unknown}
 H - a potion of ambrosia {unknown}


   Skills:
 - Level 2.0 Dodging
 - Level 2.6 Stealth
 + Level 13.0 Spellcasting
 - Level 2.3 Hexes
 + Level 14.5 Summonings
 - Level 2.3 Air Magic


You had 24 spell levels left.
You knew the following spells:

 Your Spells              Type           Power      Damage    Failure   Level
a - Summon Small Mammal   Summ           100%       N/A       0%          1
b - Call Imp              Summ           100%       N/A       0%          2
c - Call Canine Familiar  Summ           69%        N/A       1%          3
d - Summon Guardian Gole  Hex/Summ       52%        N/A       1%          3
e - Summon Lightning Spi  Summ/Air       52%        N/A       1%          4

Your spell library contained the following spells:

 Spells                   Type           Power      Damage    Failure   Level
 Freeze                   Ice            56%        1d7       1%          1
 Shock                    Conj/Air       80%        1d8       1%          1
 Slow                     Hex            100%       N/A       1%          1
 Sting                    Tmut/Pois      56%        1d5       1%          1
 Ensorcelled Hibernation  Hex/Ice        40%        N/A       1%          2
 Poisonous Vapours        Pois/Air       40%        N/A       1%          2
 Confusing Touch          Hex            25%        N/A       1%          3
 Swiftness                Air            25%        N/A       1%          3
 Passwall                 Tmut/Erth      11%        N/A       2%          2
 Dazzling Flash           Conj/Hex       40%        N/A       3%          3
 Inner Flame              Hex/Fire       20%        N/A       3%          3
 Frozen Ramparts          Ice            28%        1d5       4%          3
 Hailstorm                Conj/Ice       14%        3d5       4%          3
 Vampiric Draining        Necr           14%        2d7       4%          3
 Volatile Blastmotes      Fire/Tloc      28%        2d12      4%          3
 Airstrike                Air            12%        2d(2-18)  6%          4
 Flame Wave               Conj/Fire      14%        2d6       16%         4
 Iskenderun's Mystic Bla  Conj/Tloc      14%        2d5       16%         4
 Olgreb's Toxic Radiance  Pois           14%        N/A       16%         4
 Petrify                  Tmut/Erth      14%        N/A       16%         4
 Sticky Flame             Conj/Fire      14%        2d4       16%         4
 Metabolic Englaciation   Hex/Ice        10%        N/A       26%         5
 Starburst                Conj/Fire      7%         6d4       91%         6
 Statue Form              Tmut/Erth      9%         N/A       91%         6


Dungeon Overview and Level Annotations

Branches:
Dungeon (12/15)            Temple (1/1) D:5            Lair (1/5) D:8
    Orc (0/2) D:9

Altars:
Ashenzari
Cheibriados
Dithmenos
Elyvilon
Fedhas
Gozag
Hepliaklqana
Kikubaaqudgha
Makhleb
Nemelex Xobeh
Okawaru
Qazlal
Ru
Sif Muna
Trog
Uskayaw
Vehumet
Wu Jian
Xom
Yredelemnul
Zin
The Shining One

Shops:
D:2 *   D:3 !   D:4 *   D:5 =   Lair:1 !=

Annotations:
D:3 3 runed translucent doors, BubbleThief's ghost, amateur NaCA


Innate Abilities, Weirdness & Mutations

You cannot wear most types of armour.
You are amphibious.
You can wear up to eight rings at the same time.
Your skin changes colour to match your surroundings (Stealth+).
Your rubbery body absorbs attacks. (AC +1, EV +1)
((You are camouflaged when in or above water. (Stealth+)))
You have tentacles for arms and can constrict up to eight enemies at once.


Message History

Your warg closely misses the basilisk.
The basilisk bites your warg!
Your warg bites the basilisk!
Your cerulean imp misses the basilisk.
The basilisk gazes at you.
Your warg resists with some effort.
Your warg bites the basilisk!
The basilisk dies!
Something hits the plant.
The plant begins to die.
Something hits the plant.
A bullfrog comes into view.
A bullfrog is nearby!
A bullfrog is nearby!
A bullfrog is nearby!
Your cerulean imp hits the bullfrog with a +1 spear.
Your lightning spire disappears in a puff of smoke!
The bullfrog is distracted by your dazzling golden aura.
A nearby plant withers and dies.
Your cerulean imp closely misses the bullfrog.
A komodo dragon comes into view.
The bullfrog croaks.
Your cerulean imp hits the bullfrog with a +1 spear.
A komodo dragon comes into view.
Your cerulean imp hits the bullfrog with a +1 spear.
The komodo dragon is distracted by your dazzling golden aura.
The komodo dragon is no longer distracted by gold.
Your cerulean imp hits the bullfrog with a +1 spear.
The bullfrog is no longer distracted by gold.
The bullfrog hits your guardian golem but does no damage.
Your cerulean imp hits the bullfrog with a +1 spear.
The bullfrog barely misses your cerulean imp.
Unknown command.
The bullfrog misses your cerulean imp. The komodo dragon bites you!
Your cerulean imp hits the bullfrog with a +1 spear.
The komodo dragon bites you!!
Ouch! That really hurt!
Unknown command.
The bullfrog hits your cerulean imp. The komodo dragon barely misses you.
Your cerulean imp closely misses the bullfrog.
The bullfrog hits your cerulean imp! The komodo dragon bites you!!
Ouch! That really hurt!
You die...
Your body crumbles into a pile of gold.

##.>...$........
###.#..........$......
##.⌠.####.............
#.......$.#..........#
+..⌠.⌠#$$$# ........#
..........##..###..#
#.⌠.##..h#F..##...#
##.
#.l..95###.#..####. ..
#..@.#............. .
#.l.P#.............
#......<.∩∩........
#...############...
#...# ## ....# #P...#
......


You could see 2 komodo dragons, a bullfrog (distracted, ally target), a friendly
guardian golem (summoned), a friendly warg (summoned, sheltered) and a friendly
cerulean imp (summoned, sheltered).

Vanquished Creatures
  Sigmund (D:5)
  A centaur (D:12)
  A bullfrog (D:7)
  An orc priest (D:9)
  2 iguanas (D:5)
  An orc wizard (D:9)
  2 gnolls
  3 adders
  2 dart slugs (D:4)
  7 orcs
  A bat (D:2)
  2 endoplasms (D:3)
  A giant cockroach (D:1)
  3 hobgoblins
  A quokka (D:1)
  2 ball pythons
  2 frilled lizards (D:1)
  2 kobolds
35 creatures vanquished.

Vanquished Creatures (collateral kills)
  Kirke (D:12)
  Erolcha (D:11)
  Fannar (D:12)
  A two-headed ogre (D:9)
  Sonja (D:11)
  An oklob plant (D:8)
  A cyclops (D:11)
  A komodo dragon (D:11)
  Maggie (D:7)
  3 kobold demonologists (D:10)
  Psyche (D:11)
  A hornet (D:8)
  A vampire (D:12)
  2 shadows
  A wraith (D:12)
  11 yaks
  3 wyverns
  A basilisk (Lair:1)
  2 hogs (D:12)
  2 vampire mosquitoes (D:11)
  2 water moccasins
  6 orc warriors
  2 sky beasts
  2 black bears
  An ogre (D:4)
  3 centaurs
  2 lemures (D:7)
  A kobold brigand (D:9)
  5 bullfrogs
  3 scorpions
  6 wights (D:8)
  An oklob sapling (D:8)
  6 killer bees
  4 howler monkeys
  A hound (D:4)
  6 orc priests
  Crazy Yiuf (D:5)
  3 iguanas
  An iron imp (D:6)
  A sleepcap (D:8)
  5 orc wizards
  8 adders
  5 gnolls
  A white imp (D:6)
  An ufetubus (D:5)
  A worm (D:3)
  3 dart slugs
  57 orcs
  4 bats
  3 endoplasms
  A giant cockroach (D:4)
  3 goblins
  7 hobgoblins
  5 jackals
  7 kobolds
  2 quokkas (D:1)
  7 ball pythons
  5 frilled lizards
  2 rats
221 creatures vanquished.

Vanquished Creatures (others)
  A two-headed ogre (D:10)
  Pikel (D:7)
  2 komodo dragons
  A troll (D:11)
  A hornet (D:8)
  A vampire (D:12)
  7 yaks
  An acid dragon (D:11)
  Duvessa (D:4)
  2 black bears (D:7)
  2 ogres
  A lemure (D:7)
  7 wights (D:8)
  Dowan (D:4)
  3 killer bees
  2 orc priests
  An iguana (D:6)
  An orc wizard (D:9)
  3 gnolls
  2 orcs
  12 fungi
  11 plants
64 creatures vanquished.

Grand Total: 320 creatures vanquished

Notes
Turn   | Place    | Note
-------+----------+-------------------------------------------
     0 | D:1      | cforsyth the Octopode Summoner began the quest for the Orb.
     0 | D:1      | Reached XP level 1. HP: 11/11 MP: 3/3
   232 | D:1      | Reached XP level 2. HP: 16/17 MP: 1/5
   566 | D:1      | Learned a level 2 spell: Call Imp
  1030 | D:2      | Reached XP level 3. HP: 21/21 MP: 1/6
  1034 | D:2      | Learned a level 3 spell: Call Canine Familiar
  1189 | D:2      | Found Muxoz's Assorted Antiques.
  1633 | D:2      | Reached XP level 4. HP: 27/27 MP: 1/8
  1637 | D:2      | Learned a level 3 spell: Summon Guardian Golem
  2449 | D:2      | Reached skill level 5 in Summonings
  2551 | D:2      | Bought a scroll labelled POHAER AMYOTA for 24 gold pieces
  2551 | D:2      | Bought a scroll labelled YTYCOA GEUPUHA for 24 gold pieces
  2551 | D:2      | Bought 2 lumpy golden potions for 43 gold pieces
  2551 | D:2      | Bought a scroll labelled NYDEUGA VIXTUA for 24 gold pieces
  3020 | D:3      | Reached XP level 5. HP: 17/31 MP: 7/10
  3218 | D:3      | Found Fommiu's Distillery.
  3697 | D:3      | Found a runed translucent gate.
  3697 | D:3      | Found a runed translucent gate.
  3699 | D:3      | Found a runed translucent gate.
  3700 | D:3      | Noticed BubbleThief's ghost (amateur NaCA)
  3817 | D:4      | Noticed Duvessa
  3821 | D:4      | Noticed Dowan
  3830 | D:4      | Killed Duvessa
  3830 | D:4      | Killed Dowan
  3831 | D:4      | Reached skill level 6 in Summonings
  3831 | D:4      | Reached XP level 6. HP: 32/36 MP: 5/12
  4153 | D:4      | Found a broken altar of Ashenzari.
  4165 | D:4      | Reached XP level 7. HP: 41/41 MP: 12/14
  4402 | D:4      | Found Viagekky's CLEARANCE SALE!.
  4417 | D:4      | Reached skill level 5 in Spellcasting
  5251 | D:5      | Entered Level 5 of the Dungeon
  5269 | D:5      | Noticed Sigmund
  5278 | D:5      | Killed Sigmund
  5279 | D:5      | Reached skill level 7 in Summonings
  5354 | D:5      | Found Meppas's Jewellery Shoppe.
  5364 | D:5      | Found a staircase to the Ecumenical Temple.
  5374 | Temple   | Entered the Ecumenical Temple
  5420 | Temple   | Became a worshipper of Gozag Ym Sagoz the Greedy
  5551 | D:5      | Reached XP level 8. HP: 44/46 MP: 5/17
  5739 | D:5      | Learned a level 4 spell: Summon Lightning Spire
  6308 | D:5      | Found a runed translucent door.
  6309 | D:5      | Noticed Crazy Yiuf
  6317 | D:5      | Killed Crazy Yiuf
  6318 | D:5      | Reached skill level 1 in Hexes
  6318 | D:5      | Reached skill level 1 in Air Magic
  7165 | D:6      | Found a stormy altar of Qazlal.
  7180 | D:6      | Reached skill level 8 in Summonings
  7518 | D:6      | Reached XP level 9. HP: 51/51 MP: 11/19
  7565 | D:6      | Found a snail-covered altar of Cheibriados.
  7919 | D:7      | Noticed Pikel
  7938 | D:7      | Killed Pikel
  7939 | D:7      | Reached skill level 9 in Summonings
  8127 | D:7      | Noticed Maggie
  8139 | D:7      | Killed Maggie
  8372 | D:7      | Found an ancient bone altar of Kikubaaqudgha.
  8445 | D:7      | Reached skill level 10 in Summonings
  8740 | D:7      | Reached XP level 10. HP: 56/56 MP: 22/22
  8821 | D:7      | Found a glowing silver altar of Zin.
  9899 | D:8      | Reached skill level 11 in Summonings
 10944 | D:2      | Bought a metallic white potion for 21 gold pieces
 11144 | D:8      | Found a blossoming altar of Fedhas.
 11184 | D:8      | Found a staircase to the Lair.
 11293 | D:8      | Reached skill level 10 in Spellcasting
 11500 | D:8      | Found a white marble altar of Elyvilon.
 11634 | D:8      | Noticed an oklob plant
 11652 | D:8      | Killed an oklob plant
 12363 | D:9      | Noticed a two-headed ogre
 12541 | D:9      | Found a staircase to the Orcish Mines.
 12969 | D:9      | Reached XP level 11. HP: 29/61 MP: 18/25
 13132 | D:9      | Reached skill level 12 in Summonings
 13666 | D:10     | Entered Level 10 of the Dungeon
 13887 | D:10     | Found a shimmering altar of Xom.
 13888 | D:10     | Found a shimmering altar of Xom.
 13888 | D:10     | Found a shimmering altar of Xom.
 14122 | D:10     | Noticed a two-headed ogre
 14132 | D:10     | Killed a two-headed ogre
 14921 | D:11     | Noticed Erolcha
 14955 | D:11     | Killed Erolcha
 14963 | D:11     | Reached skill level 13 in Summonings
 15497 | D:11     | Noticed Sonja
 15514 | D:11     | Killed Sonja
 16546 | D:11     | Noticed Psyche
 16561 | D:11     | Killed Psyche
 16731 | D:11     | Noticed a cyclops
 16738 | D:11     | Killed a cyclops
 16739 | D:11     | Reached XP level 12. HP: 66/66 MP: 21/28
 16972 | D:12     | Noticed Fannar
 16982 | D:12     | Killed Fannar
 17015 | D:12     | Noticed Kirke
 17034 | D:12     | Killed Kirke
 17035 | D:12     | Reached skill level 14 in Summonings
 17621 | D:12     | Found a shadowy altar of Dithmenos.
 18304 | D:9      | Killed a two-headed ogre
 18389 | Lair:1   | Entered Level 1 of the Lair of Beasts
 18509 | Lair:1   | Mangled by a komodo dragon

Illustrated notes

Levels and vault maps discovered:
D:1:      saegor_arrival_miasma, layout_loops_ring
D:2:      layout_loops_ring, serial_shops, nicolae_shop_window_shopping,
          minmay_misc_feat_room, kennysheep_donut, minmay_misc_feat_roman
D:3:      layout_basic, serial_shops, shop, gammafunk_ghost_necromancy,
          hangedman_decor_push
D:4:      layout_layer_cave, mainiacjoe_overflow_cross_hatched,
          nicolae_shop_clearance, uniq_duvessa
D:5:      layout_basic, minmay_temple_entry_trees,
          minmay_shop_enchanted_jewellery, uniq_crazy_yiuf_cottage, uniq_sigmund
D:6:      layout_basic, mainiacjoe_overflow_chevrons, slow_altar_1,
          small_statue_intersection, minmay_misc_feat_enclosed
D:7:      layout_basic, lemuel_doored_altar, marbit_many_paths, uniq_maggie,
          uniq_pikel
D:8:      layout_cave_pools, amcnicky_altar_gilded,
          lemuel_coloured_pillars_altar, lair_entry_dummy,
          introduction_to_nature_2
D:9:      layout_basic, hiddenorc2_lemuel, serial_co_window_serial,
          co_window_paths_b, co_window_corner_a, co_window_corner_a,
          co_window_paths_a, co_window_paths_a, co_window_corner_b,
          co_window_2corner, co_window_unsneaky_path_d,
          co_window_unsneaky_path_a, co_window_corner_cb,
          co_window_of_opportunity_b, co_window_4corner_a, glass_columns_a,
          glass_columns_a, glass_columns_c, glass_columns_b, glass_columns_b
D:10:     layout_irregular_city, xom_shifter_show
D:11:     layout_loops_ring, moated_statue, uniq_sonja, uniq_erolcha,
          uniq_psyche
D:12:     layout_stronghold, grunt_dithmenos_shadows, uniq_fannar, uniq_kirke
Temple:   eino_temple_lava
Lair:1:   layout_gridlike, ebering_ghost_xom, grunt_megastairs_3

Skill      XL: |  1  2  3  4  5  6  7  8  9 10 11 12 |
---------------+-------------------------------------+-----
Spellcasting   | 3 4 6 7 8 10 12 13 | 13.0
Summonings     | 5 6 7 8 10 11 13 14 | 14.5
Hexes          | 2 |  2.3
Air Magic      | 2 |  2.3
Dodging        | |  2.0
Stealth        | |  2.6

Action                     |  1- 3 |  4- 6 |  7- 9 | 10-12 || total
---------------------------+-------+-------+-------+-------++-------
  Melee: Unarmed           |    35 |    24 |    21 |    43 ||   123
         Constrict         |     6 |     9 |    10 |    15 ||    40
         Tentacles         |     4 |     9 |    10 |    14 ||    37
         Punch             |       |     1 |     1 |       ||     2
   Cast: Summon Small Mamm |    27 |    16 |    33 |    55 ||   131
         Call Imp          |     7 |    12 |    23 |    36 ||    78
         Call Canine Famil |     7 |    14 |    29 |    49 ||    99
         Summon Guardian G |       |     2 |    19 |    50 ||    71
         Summon Lightning  |       |       |    11 |    45 ||    56
 Invoke: Call Merchant     |       |       |       |     2 ||     2
  Evoke: Wand              |       |       |     2 |       ||     2
    Use: Scroll            |       |       |    17 |     6 ||    23
   Stab: Sleeping          |     1 |       |     1 |       ||     2
         Distracted        |       |     1 |     1 |       ||     2
 Armour: Skin              |     6 |     4 |     2 |     6 ||    18
  Dodge: Dodged            |    32 |    31 |    26 |    78 ||   167
  Block: Other             |       |       |     7 |    34 ||    41
         Reflection        |       |       |       |     8 ||     8

Table legend: (Time is in decaauts)
 A = Elapsed time spent in this place.
 B = Non-inter-level travel time spent in this place.
 C = Inter-level travel time spent in this place.
 D = Time resting spent in this place.
 E = Time spent auto-exploring this place.
 F = Levels seen in this place.
 G = Mean time per level.
                   A        B        C        D        E       F      G
               +--------+--------+--------+--------+--------+-----+--------+
         Total |  18533 |  17743 |    790 |   2821 |  11972 |  14 | 1323.8 |
       Dungeon |  18357 |  17577 |    780 |   2821 |  11891 |  12 | 1529.8 |
        Temple |     55 |     46 |      9 |      0 |     31 |   1 |   55.0 |
          Lair |    119 |    119 |      0 |      0 |     50 |   1 |  119.0 |
               +--------+--------+--------+--------+--------+-----+--------+

Top non-repeatable levels by time:
     D:7: 2123 daAuts
     D:9: 2005 daAuts
     D:2: 1879 daAuts
    D:10: 1736 daAuts
     D:8: 1631 daAuts
    D:11: 1557 daAuts
     D:4: 1551 daAuts
     D:6: 1424 daAuts
    D:12: 1344 daAuts
     D:5: 1112 daAuts
     D:3: 1035 daAuts
     D:1: 955 daAuts
  Lair:1: 119 daAuts
  Temple: 55 daAuts
